 Dungeon Crawl Stone Soup version 0.29-a0-885-gb26ba3297d (webtiles) character file.

Game seed: 15945953215612665636

118 Mesmaeker13 the Stinger (level 5, 0/35 HPs)
             Began as a Formicid Venom Mage on July 20, 2022.
             Slain by Pargi (4 damage)
             ... in a sewer.
             The game lasted 00:05:46 (4959 turns).

Mesmaeker13 the Stinger (Formicid Venom Mage)       Turns: 4959, Time: 00:05:46

Health: 0/35       AC:  3    Str: 13    XL:     5   Next: 23%
Magic:  1/9        EV: 12    Int: 16    God:
Gold:   247        SH:  5    Dex: 14    Spells: 7/10 levels left

rFire   . . .      SeeInvis +   p - +0 trident
rCold   . . .      Faith    .   (no shield)
rNeg    . . .      Spirit   .   a - +0 robe
rPois   .          Reflect  +   (helmet unavailable)
rElec   .          Harm     .   (no cloak)
rCorr   .          Rampage  .   n - +0 pair of gloves
Will    .....                   (no boots)
Stlth   ++........              i - amulet of reflection
HPRegen 0.11/turn               (no ring)
MPRegen 0.11/turn               (no ring)

@: mighty, brilliant, invisible
A: permanent stasis, dig shafts and tunnels, antennae 3, four strong arms
a: Dig


You were in a sewer.
You visited 1 branch of the dungeon, and saw 4 of its levels.
You also visited: Sewer.

You collected 247 gold pieces.

Inventory:

Hand Weapons
 g - a +0 spear
 h - a +2 sling of flaming
 p - a +0 trident (weapon)
Missiles
 l - 7 poisoned darts (quivered)
Armour
 a - a +0 robe (worn)
 n - a +0 pair of gloves (worn)
Jewellery
 i - an amulet of reflection (around neck)
 s - a ring of ice
Scrolls
 c - 2 scrolls of teleportation
 f - 2 scrolls of identify {unknown}
 k - 2 scrolls of enchant weapon {unknown}
 m - a scroll of magic mapping {unknown}
Potions
 b - a potion of magic
 e - a potion of degeneration {unknown}
 o - a potion of curing {unknown}
 q - a potion of brilliance
 r - a potion of attraction {unknown}


   Skills:
 + Level 1.2 Polearms
 - Level 1.7 Dodging
 - Level 2.4 Stealth
 + Level 3.2 Spellcasting
 + Level 2.6 Transmutations
 + Level 0.9 Air Magic
 + Level 5.0 Poison Magic


You had 7 spell levels left.
You knew the following spells:

 Your Spells              Type           Power      Damage    Failure   Level
a - Sting                 Tmut/Pois      88%        1d7       3%          1
b - Poisonous Vapours     Pois/Air       36%        N/A       9%          2

Your spell library contained the following spells:

 Spells                   Type           Power      Damage    Failure   Level
 Ignite Poison            Fire/Tmut/Pois 16%        N/A       19%         3
 Olgreb's Toxic Radiance  Pois           28%        N/A       22%         4
 Mephitic Cloud           Conj/Pois/Air  13%        N/A       24%         3
 Lesser Beckoning         Tloc           3%         N/A       50%         3
 Fireball                 Conj/Fire      1%         3d3       99%         5
 Freezing Cloud           Conj/Ice/Air   2%         6-21      99%         5
 Manifold Assault         Tloc           3%         N/A       99%         5
 Starburst                Conj/Fire      1%         6d3       100%        6
 Ignition                 Fire           1%         3d3       100%        8
 Blink                    Tloc           Unusable   N/A       N/A         2

Dungeon Overview and Level Annotations

Branches:
Dungeon (4/15)              Sewer (1/1)
 Temple: D:4-7

Altars:

Shops:
D:1 ?(

Annotations:
D:2 1 runed translucent door, Crazy Yiuf Sewer Pargi


Innate Abilities, Weirdness & Mutations

You cannot be hasted, slowed, berserked, paralysed or teleported.
You can dig through walls and to a lower floor.
You have a pair of large antennae on your head. (SInv)
Your four strong arms can wield two-handed weapons with a shield.


Message History

The ball python closely misses you. x2; Pargi bites you!
Pargi misses you. Pargi barely misses you.
The ball python bites you but does no damage.
The ball python barely misses you.
Casting: Poisonous Vapours (safe; 9% risk of failure)
Confirm with . or Enter, or press ? or * to list all spells.
Aiming: Poisonous Vapours (safe; 9% risk of failure)
Press: ? - help, Dir - move target, f/p - Pargi
Aim: Pargi (very poisoned) Poisonous vapours surround Pargi!
Pargi looks as sick as possible!
Pargi closely misses you. Pargi claws you but does no damage. x2
The ball python bites you. The ball python grabs you.
The ball python constricts you.
It was a potion of brilliance.
You feel clever all of a sudden. Pargi bites you.
Pargi claws you. x2; The ball python bites you.
The ball python constricts you.
It was a potion of invisibility.
You fade into invisibility!
Pargi bites you. Pargi barely misses you. Pargi claws you but does no damage.
The ball python bites you but does no damage.
The ball python constricts you.
Casting: Poisonous Vapours (safe; 9% risk of failure)
Confirm with . or Enter, or press ? or * to list all spells.
Aiming: Poisonous Vapours (safe; 9% risk of failure)
Press: ? - help, Dir - move target, f - ball python, p - Pargi
Aim: a ball python (water, constricting you, unable to see you)
You feel a surge of power!
Poisonous vapours surround the ball python!
The ball python is poisoned.
Pargi bites you!
* * * LOW HITPOINT WARNING * * *
Pargi claws you but does no damage. x2; The ball python closely misses you.
The ball python constricts you.
* * * LOW HITPOINT WARNING * * *
Unknown command.
It was a potion of might.
You feel very mighty all of a sudden.
You kill the ball python!
Pargi bites you.
You die...

###≈≈≈≈≈≈≈≈≈≈≈≈≈≈≈≈≈≈#
#≈≈≈≈≈≈≈≈≈≈≈≈≈≈≈≈≈≈≈≈#
##≈≈≈≈≈≈≈≈≈≈≈≈≈≈≈≈≈≈≈≈###
#≈≈≈≈≈≈≈≈≈≈≈≈≈≈≈≈≈≈≈≈≈≈≈#
≈≈≈≈≈≈≈≈≈≈≈≈≈≈≈≈≈≈≈≈≈≈≈≈##
≈≈≈≈≈≈≈≈≈≈≈≈≈≈≈≈≈≈≈≈≈≈≈≈≈#
≈≈≈≈≈≈≈≈≈≈≈≈≈≈≈≈≈≈≈≈≈≈≈≈≈≈
≈≈≈≈≈≈≈≈≈≈≈≈.##≈≈≈≈≈≈≈≈≈≈≈
≈≈≈≈≈≈#.##≈#.##.@T≈≈≈≈≈≈≈≈
≈≈≈≈≈#####≈#######≈≈≈≈≈≈≈≈
≈≈≈≈≈# #≈# #≈≈≈≈≈≈≈≈
≈≈≈.## #≈# #≈≈≈≈≈≈≈≈ ≈≈≈≈#
#≈# ##(≈≈≈≈≈≈ ≈≈.## #≈#
#≈≈≈≈≈≈ ≈≈.# #.# .≈≈≈≈≈
≈≈## !≈! ..≈≈≈≈ ≈≈# ##≈≈≈≈


You could see Pargi (unable to see you, very poisoned).

Vanquished Creatures
  4 adders
  A dart slug (D:3)
  3 orcs (D:3)
  A bat (D:3)
  2 endoplasms (D:1)
  2 giant cockroaches
  12 goblins
  12 hobgoblins
  5 kobolds
  3 quokkas
  10 ball pythons
  14 frilled lizards
  5 rats
74 creatures vanquished.

Notes
Turn   | Place    | Note
-------+----------+-------------------------------------------
     0 | D:1      | Mesmaeker13 the Formicid Venom Mage began the quest for the
                  | Orb.
     0 | D:1      | Reached XP level 1. HP: 13/13 MP: 3/3
   280 | D:1      | Reached XP level 2. HP: 6/19 MP: 1/5
   842 | D:1      | Found Umiss's Weapon Shop.
   959 | D:1      | Found Okhlis's Magic Scroll Shop.
  1183 | D:1      | Reached XP level 3. HP: 24/24 MP: 4/7
  1653 | D:2      | Learned a level 2 spell: Poisonous Vapours
  2146 | D:2      | Found a runed translucent door.
  2147 | D:2      | Noticed Crazy Yiuf
  2282 | D:2      | Reached XP level 4. HP: 30/30 MP: 6/8
  2409 | D:2      | Found a faded altar of an unknown god.
  4298 | D:3      | Reached skill level 1 in Polearms
  4298 | D:3      | Reached XP level 5. HP: 35/35 MP: 6/9
  4376 | D:3      | Reached skill level 5 in Poison Magic
  4649 | D:4      | Found a glowing drain.
  4673 | Sewer    | Entered a sewer
  4948 | Sewer    | Noticed Pargi
  4959 | Sewer    | Slain by Pargi

Illustrated notes

Levels and vault maps discovered:
D:1:      wander_arrival_abandoned_jail, layout_rooms, serial_aquarium,
          aquarium_bridge_island_small [aquarium_subvault_small_open,
          aquarium_subvault_bridge, aquarium_subvault_balcony,
          aquarium_subvault_wall, aquarium_subvault_wall],
          aquarium_window_corridor_1, aquarium_window_fake, aquarium_view_2b,
          serial_shops, nicolae_shop_bloodbath_and_beyond,
          nicolae_shop_temple_entry_statues_fountains, minmay_lizard_pond
D:2:      cheibrodos_greedy_goblins, layout_basic,
          dilly_ecumenical_altar_fadedgnrine, minmay_strange_pillars,
          minmay_box_of_dots, uniq_crazy_yiuf_cottage
D:3:      minmay_wonky_spiral, layout_loops_corners
D:4:      nicolae_cairo_tiling, layout_cave_pools, minitemple,
          nicolae_overflow_two_pavilions, cheibrodos_sewer_entry_drain,
          chequers_avenue, nicolae_shop_vocational, uniq_eustachio,
          uniq_duvessa, uniq_pikel
Sewer:    sewer_co_pargi_island

Skill      XL: |  1  2  3  4  5 |
---------------+----------------+-----
Transmutations | 2 |  2.6
Spellcasting   | 3 |  3.2
Polearms       | 1 |  1.2
Poison Magic   | 5 |  5.0
Dodging        | |  1.7
Stealth        | |  2.4
Air Magic      | |  0.9

Action                   |  1- 3 |  4- 6 || total
-------------------------+-------+-------++-------
Melee: Unarmed           |     8 |       ||     8
       Whip              |    10 |       ||    10
       Spear             |    28 |       ||    28
       Trident           |    14 |    42 ||    56
       Punch             |       |     1 ||     1
Throw: Dart              |       |     3 ||     3
 Cast: Sting             |    35 |    50 ||    85
       Poisonous Vapours |     1 |    12 ||    13
  Use: Scroll            |       |     1 ||     1
       Potion            |       |     3 ||     3
 Stab: Sleeping          |     1 |       ||     1
Armor: Robe              |    14 |    18 ||    32
Dodge: Dodged            |    34 |    41 ||    75
Block: Other             |       |     4 ||     4
       Reflection        |       |     1 ||     1

Table legend: (Time is in decaauts)
 A = Elapsed time spent in this place.
 B = Non-inter-level travel time spent in this place.
 C = Inter-level travel time spent in this place.
 D = Time resting spent in this place.
 E = Time spent auto-exploring this place.
 F = Levels seen in this place.
 G = Mean time per level.
                   A        B        C        D        E       F      G
               +--------+--------+--------+--------+--------+-----+--------+
         Total |   4994 |   4920 |     74 |   1140 |   3062 |   5 |  998.8 |
       Dungeon |   4690 |   4616 |     74 |    929 |   3062 |   4 | 1172.5 |
         Sewer |    303 |    303 |      0 |    211 |      0 |   1 |  303.0 |
               +--------+--------+--------+--------+--------+-----+--------+

Top non-repeatable levels by time:
     D:2: 1845 daAuts
     D:3: 1551 daAuts
     D:1: 1268 daAuts
   Sewer: 303 daAuts
     D:4: 26 daAuts
